 Dungeon Crawl Stone Soup version 0.27-a0-1347-gd8886f0a89 (webtiles) character file.

Game seed: 10700562060445963729

28 Brandom the Sneak (level 2, -1/26 HPs)
             Began as a Demigod Delver on June 27, 2021.
             Slain by a centaur skeleton (2 damage)
             ... on level 4 of the Dungeon.
             The game lasted 00:00:47 (60 turns).

Brandom the Sneak (Demigod Delver)                    Turns: 60, Time: 00:00:47

Health: -1/26      AC:  6    Str: 13    XL:     2   Next: 75%
Magic:  4/4        EV: 11    Int: 12    God:
Gold:   0          SH:  0    Dex: 15    Spells: 1/1 levels left

rFire    . . .     SeeInvis .   a - +0 mace
rCold    . . .     Faith    .   (no shield)
rNeg     . . .     Spirit   .   g - +1 ring mail {rPois}
rPois    +         Reflect  .   (no helmet)
rElec    .         Harm     .   (no cloak)
rCorr    .         Rampage  .   (no gloves)
Will     .....                  (no boots)
Stlth    ++........             (no amulet)
HPRegen  0.08/turn              (no ring)
MPRegen  0.09/turn              (no ring)

@: hasted, very quick
A: high mp 1, forlorn
a: no special abilities


You were on level 4 of the Dungeon.
You visited 1 branch of the dungeon, and saw 2 of its levels.

Inventory:

Hand Weapons
 a - a +0 mace (weapon)
Armour
 b - a +0 leather armour
 g - a +1 ring mail of poison resistance (worn)
   (You took it off an orc on level 4 of the Dungeon)
Wands
 v - a wand of digging (3)
Scrolls
 c - a scroll of fog
 d - a scroll of magic mapping
 e - a scroll of fear


   Skills:
 * Level 3.1 Fighting
 * Level 2.3 Maces & Flails
 + Level 2.0 Dodging
 - Level 4.5 Stealth
 + Level 0.7 Unarmed Combat


You had one spell level left.
You didn't know any spells.
Your spell library was empty.

Dungeon Overview and Level Annotations

Branches:
Dungeon (5/15)
 Temple: D:4-7


Innate Abilities, Weirdness & Mutations

Your attributes grow dramatically as you level up.
You have an increased reservoir of magic. (+10% MP)
You shall have no god before yourself.


Message History

You start putting on your armour.
You continue putting on your +1 ring mail of poison resistance. x5
You finish putting on your +1 ring mail of poison resistance.
You feel resistant to poison.
You start resting.
A centaur skeleton comes into view.
You completely miss the centaur skeleton.
The centaur skeleton hits you but does no damage.
The centaur skeleton kicks you but does no damage.
The centaur skeleton hits you but does no damage.
The centaur skeleton kicks you but does no damage.
You hit the centaur skeleton.
The centaur skeleton hits you but does no damage.
The centaur skeleton barely misses you. The centaur skeleton hits you.
* * * LOW HITPOINT WARNING * * *
The centaur skeleton barely misses you.
You hit the centaur skeleton. The centaur skeleton misses you.
The centaur skeleton kicks you but does no damage.
Unknown command.
You hit the centaur skeleton. The centaur skeleton barely misses you.
The centaur skeleton misses you. The centaur skeleton hits you.
* * * LOW HITPOINT WARNING * * *
The centaur skeleton misses you.
You hit the centaur skeleton.
The centaur skeleton hits you but does no damage.
The centaur skeleton kicks you but does no damage.
The centaur skeleton misses you. The centaur skeleton barely misses you.
You sock the centaur skeleton!
The centaur skeleton hits you but does no damage.
The centaur skeleton kicks you but does no damage.
You feel yourself speed up. The centaur skeleton barely misses you.
The centaur skeleton kicks you.
* * * LOW HITPOINT WARNING * * *
The centaur skeleton hits you but does no damage.
The centaur skeleton kicks you but does no damage.
You hit the centaur skeleton.
You destroy the centaur skeleton!
Your Fighting skill increases to level 3!
Your Maces & Flails skill increases to level 2!
Your Dodging skill increases to level 2!
You have reached level 2!
You start resting.
A centaur skeleton comes into view.
You hit the centaur skeleton. The centaur skeleton hits you.
* * * LOW HITPOINT WARNING * * *
The centaur skeleton closely misses you.
You hit the centaur skeleton.
The centaur skeleton hits you but does no damage.
The centaur skeleton kicks you.
You die...

#.#####
#.Z.)>#
#####.#
#.# #.#
#Z# #@#
#.# #.#
..#
####


You could see a centaur skeleton.

Vanquished Creatures
  A centaur skeleton (D:4)
  An orc (D:4)
2 creatures vanquished.

Notes
Turn   | Place    | Note
-------+----------+-------------------------------------------
     0 | D:5      | Brandom the Demigod Delver began the quest for the Orb.
     0 | D:5      | Reached XP level 1. HP: 18/18 MP: 3/3
    40 | D:4      | Reached XP level 2. HP: 3/26 MP: 4/4
    59 | D:4      | HP: 1/26 [centaur skeleton (3)]
    60 | D:4      | Slain by a centaur skeleton

Illustrated notes

Levels and vault maps discovered:
D:4:      layout_loops_ring, chei_slow_surprise, vehumet_statue,
          overflow_temple_1_default, ebering_ghost_disaster_area, uniq_menkaure,
          uniq_blork_the_orc
D:5:      layout_gridville, kennysheep_small_circle, uniq_edmund, uniq_duvessa,
          uniq_eustachio, uniq_pikel

Skill      XL: |  1 |
---------------+----+-----
Fighting       | 3 |  3.1
Maces & Flails | 2 |  2.3
Dodging        | 2 |  2.0
Stealth        | |  4.5
Unarmed Combat | |  0.7

Action                   || total
-------------------------++-------
Melee: Mace              ||    15
  Use: Potion            ||     1
Armor: Ring mail         ||    13
Dodge: Dodged            ||    13

Table legend: (Time is in decaauts)
 A = Elapsed time spent in this place.
 B = Non-inter-level travel time spent in this place.
 C = Inter-level travel time spent in this place.
 D = Time resting spent in this place.
 E = Time spent auto-exploring this place.
 F = Levels seen in this place.
 G = Mean time per level.
                   A        B        C        D        E       F      G
               +--------+--------+--------+--------+--------+-----+--------+
         Total |     57 |     57 |      0 |      9 |      0 |   2 |   28.5 |
       Dungeon |     57 |     57 |      0 |      9 |      0 |   2 |   28.5 |
               +--------+--------+--------+--------+--------+-----+--------+

Top non-repeatable levels by time:
     D:4: 50 daAuts
     D:5: 7 daAuts
